 Dungeon Crawl Stone Soup version 0.30-a0-778-g2ef04af (webtiles) character file.

Game seed: 10215882582861736392

55 malesh the Ruffian (level 3, -1/30 HPs)
             Began as a Ghoul Gladiator on Feb 16, 2023.
             Slain by a goblin
             ... wielding a +0 club
             ... led by Robin
              (4 damage)
             ... on level 2 of the Dungeon.
             The game lasted 00:02:58 (782 turns).

malesh the Ruffian (Ghoul Gladiator)                 Turns: 782, Time: 00:02:58

Health: -1/30      AC:  4    Str: 19    XL:     3   Next: 93%
Magic:  2/2        EV: 12    Int:  3    God:
Gold:   42         SH:  0    Dex: 10    Spells: 2/2 levels left

rFire   . . .      SeeInvis .      - Unarmed
rCold   + . .      Faith    .    (no shield)
rNeg    + + +      Spirit   .    a - +0 leather armour
rPois   ∞          Reflect  .    b - +0 helmet
rElec   .          Harm     .    (no cloak)
rCorr   .          Rampage  .    (no gloves)
Will    .....                    (no boots)
Stlth   +                        g - amulet of the acrobat
HPRegen 0.00/turn                (no ring)
MPRegen 0.08/turn                (no ring)

@: inhibited regen
A: claws 1, cold resistance 1, negative energy resistance 3, inhibited
regeneration, torment resistance 2, devour on kill
a: no special abilities


You were on level 2 of the Dungeon.
You visited 1 branch of the dungeon, and saw 2 of its levels.

You collected 42 gold pieces.

Inventory:

Missiles
 c - 3 throwing nets (quivered)
 d - a javelin
Armour
 a - a +0 leather armour (worn)
 b - a +0 helmet (worn)
Jewellery
 g - an amulet of the acrobat (around neck)
Scrolls
 f - a scroll of fear {unknown}
 h - 2 scrolls of magic mapping {unknown}
 j - 2 scrolls of identify {unknown}
Potions
 e - a potion of attraction {unknown}
 i - a potion of curing {unknown}


   Skills:
 + Level 2.8 Fighting
 + Level 2.0 Throwing
 + Level 0.8 Armour
 + Level 3.1 Dodging
 + Level 3.9 Unarmed Combat


You had 2 spell levels left.
You didn't know any spells.
Your spell library was empty.

Dungeon Overview and Level Annotations

Branches:
Dungeon (2/15)

Altars:


Innate Abilities, Weirdness & Mutations

You are immune to poison.
You have sharp fingernails.
Your flesh is cold resistant. (rC+)
You are immune to negative energy. (rN+++)
You do not regenerate when monsters are visible.
You are immune to unholy pain and torment.
You thrive by killing the living.


Message History

Robin hits you with a +0 dagger.
You completely miss Robin.
The goblin shouts!
You claw Robin, but do no damage.
Robin is severely wounded.
You scratch Robin but do no damage.
Robin is severely wounded.
Robin closely misses you.
You scratch Robin but do no damage.
Robin is severely wounded.
Robin hits you with a +0 dagger.
You scratch Robin.
Robin is severely wounded.
Robin throws the goblin at you! The goblin barely misses you.
You closely miss Robin.
Robin is severely wounded.
Robin closely misses you. The goblin misses you.
You closely miss Robin.
Robin is severely wounded.
Robin says, "Bow before me, strongest of all the hobgoblins!"
Robin hits you with a +0 dagger. The goblin hits you with a +0 club.
You barely miss Robin.
Robin is severely wounded.
Robin completely misses you. The goblin hits you with a +0 club.
You claw Robin!
You kill Robin!
The goblin hits you but does no damage.
You miss the goblin. The goblin hits you with a +0 club.
* * * LOW HITPOINT WARNING * * *
You scratch the goblin.
The goblin is moderately wounded.
The goblin hits you with a +0 club.
* * * LOW HITPOINT WARNING * * *
You scratch the goblin.
The goblin is heavily wounded.
The goblin barely misses you.
You barely miss the goblin.
The goblin is heavily wounded.
The goblin hits you with a +0 club.
You die...

##.#.###.# ##........# #
#.#.......# .#.#
#...#<#..#######[#.#
#...##..........#.#
#..####.####..###.#
###.............# #.#
.......#.....g....# #.#
#...#..#......@...# #g#
#.............)...# #<#
#......##.........## #)#
#...... #.........####g#
#....................).#
.?....#########.#######
... #.# .# #.# #.#


You could see a goblin.

Vanquished Creatures
  Robin (D:2)
  3 dart slugs
  3 ball pythons (D:1)
  5 endoplasms
  2 giant cockroaches (D:1)
  9 goblins
  3 hobgoblins
  A frilled lizard (D:1)
  2 kobolds (D:1)
  4 rats
33 creatures vanquished.

Notes
Turn   | Place    | Note
-------+----------+-------------------------------------------
     0 | D:1      | malesh the Ghoul Gladiator began the quest for the Orb.
     0 | D:1      | Reached XP level 1. HP: 17/17 MP: 0/0
    97 | D:1      | Reached XP level 2. HP: 22/25 MP: 1/1
   630 | D:2      | Reached XP level 3. HP: 28/30 MP: 2/2
   640 | D:2      | Noticed Robin
   778 | D:2      | Killed Robin
   782 | D:2      | Slain by a goblin

Illustrated notes

Levels and vault maps discovered:
D:1:      saegor_arrival_simple_e, layout_basic, serial_bayou_ford_a
D:2:      layout_loops_ring, serial_shops, shop, basic_altar, uniq_sigmund,
          uniq_jessica, uniq_robin

Skill      XL: |  1  2 |
---------------+-------+-----
Throwing       | 2 |  2.0
Dodging        | 3 |  3.1
Fighting       | |  2.8
Armour         | |  0.8
Unarmed Combat | |  3.9

Action                     || total
---------------------------++-------
  Melee: Unarmed           ||   107
         Punch             ||     3
 Armour: Leather armour    ||    18
  Dodge: Dodged            ||    59

Table legend: (Time is in decaauts)
 A = Elapsed time spent in this place.
 B = Non-inter-level travel time spent in this place.
 C = Inter-level travel time spent in this place.
 D = Time resting spent in this place.
 E = Time spent auto-exploring this place.
 F = Levels seen in this place.
 G = Mean time per level.
                   A        B        C        D        E       F      G
               +--------+--------+--------+--------+--------+-----+--------+
         Total |    779 |    747 |     32 |     47 |    492 |   2 |  389.5 |
       Dungeon |    779 |    747 |     32 |     47 |    492 |   2 |  389.5 |
               +--------+--------+--------+--------+--------+-----+--------+

Top non-repeatable levels by time:
     D:1: 679 daAuts
     D:2: 99 daAuts
